 Dungeon Crawl Stone Soup version 0.21-a0-401-g0b6bec4 (webtiles) character file.

5030 boiler the Cleaver (level 10, -5/93 HPs)
             Began as a Minotaur Fighter on Oct 24, 2017.
             Was an Initiate of Gozag.
             Slain by Erolcha
             ... wielding a +0 giant club
              (22 damage)
             ... on level 9 of the Dungeon.
             The game lasted 00:11:35 (7558 turns).

boiler the Cleaver (Minotaur Fighter)               Turns: 7558, Time: 00:11:36

Health: -5/93      AC: 19    Str: 23    XL:     10   Next: 30%
Magic:  9/9        EV:  6    Int:  5    God:    Gozag
Gold:   578        SH: 11    Dex: 11    Spells: 9/9 levels left

rFire    . . .     SeeInvis .   I - +0 broad axe
rCold    . . .     Gourm    .   c - +0 shield
rNeg     . . .     Faith    .   G - +0 storm dragon scales
rPois    .         Spirit   .   (helmet restricted)
rElec    +         Reflect  +   g - +0 cloak
rCorr    .         Harm     .   V - +2 pair of gloves
MR       .....                  (no boots)
Stlth    ..........             m - +2 amulet of reflection
HPRegen  0.25/turn              (no ring)
MPRegen  0.11/turn              (no ring)

@: gold aura, berserk cooldown, slowed, very slow
A: retaliatory headbutt, horns 2
a: Potion Petition, Call Merchant, Bribe Branch, Renounce Religion


You were on level 9 of the Dungeon.
You worshipped Gozag.
Gozag was pleased with you.
You were not hungry.

You visited 2 branches of the dungeon, and saw 10 of its levels.

You collected 810 gold pieces.
You spent 157 gold pieces at shops.
You paid 75 gold pieces to Gozag.

Inventory:

Hand Weapons
 a - a +0 war axe
 I - a +0 broad axe (weapon)
 N - a +0 giant club
Missiles
 l - 20 javelins (quivered)
 o - 169 stones
 M - 3 throwing nets
Armour
 b - a +0 scale mail
 c - a +0 shield (worn)
 g - a +0 cloak (worn)
 u - a +2 helmet
 A - a +0 pair of gloves
 G - +0 storm dragon scales (worn)
 K - a scarf of spirit shield
 V - a +2 pair of gloves (worn)
Jewellery
 m - a +2 amulet of reflection (around neck)
 O - an uncursed ring of positive energy {unknown}
 R - a cursed ring of loudness {unknown}
 S - an uncursed amulet of faith {unknown}
 T - a cursed amulet of inaccuracy {unknown}
Wands
 q - a wand of polymorph (4/24)
 y - a wand of scattershot (1/9)
 L - a wand of scattershot (2/9)
 W - a wand of iceblast (9/15)
Scrolls
 e - 3 scrolls of enchant weapon {unknown}
 j - a scroll of random uselessness {unknown}
 k - 2 scrolls of blinking {unknown}
 p - 3 scrolls of recharging
 s - a scroll of amnesia {unknown}
 t - 2 scrolls of immolation {unknown}
 v - 2 scrolls of fog {unknown}
 w - 5 scrolls of teleportation {unknown}
 C - 2 scrolls of identify
 D - a scroll of vulnerability {unknown}
 E - 4 scrolls of remove curse {unknown}
 U - a scroll of torment {unknown}
Potions
 d - a potion of might
 i - 3 potions of curing
 n - 2 potions of lignification
 x - 2 potions of agility
 z - a potion of berserk rage
 B - a potion of heal wounds {unknown}
 F - 3 potions of ambrosia {unknown}
 H - 2 potions of invisibility {unknown}
 J - a potion of magic {unknown}
 P - 2 potions of brilliance {unknown}
 Q - a potion of haste {unknown}
Comestibles
 f - 5 bread rations
 h - 4 royal jellies
 r - 3 meat rations


   Skills:
 + Level 9.8 Fighting
 * Level 12.7 Axes
 + Level 9.8 Armour
 - Level 3.6 Shields


You had 9 spell levels left.
You didn't know any spells.

Dungeon Overview and Level Annotations

Branches:
Dungeon (9/15)             Temple (1/1) D:6             Orc (0/2) D:9
   Lair: D:8-11

Altars:
Cheibriados
Dithmenos
Elyvilon
Fedhas
Gozag
Kikubaaqudgha
Qazlal
Ru
Trog
Uskayaw
Vehumet
Xom
Beogh

Shops:
D:5 (%*?(

Annotations:
D:9 Erolcha


Innate Abilities, Weirdness & Mutations

You reflexively headbutt those who attack you in melee.
You have a pair of horns on your head.


Message History

Unknown command.
You hear a shout!
You hit the orc but do no damage. You headbutt the orc.
The orc is lightly wounded.
You hear some strange, mumbled words.
A bolt of lightning appears from out of thin air!
The bolt of lightning hits the orc.
The orc dies!
The bolt of lightning hits you! You resist.
The orc is distracted by the nearby gold.
You slash the orc!
You kill the orc!
You hear some strange, mumbled words.
A stone arrow appears from out of thin air!
The stone arrow hits you!
You miss something. You headbutt something. Something hits you!
* * * LOW HITPOINT WARNING * * *
You closely miss something. You headbutt something. Something hits you!!
You die...
Your body crumbles into a pile of gold.

#.##.##.###...#o....# ### #
#...o......#.....# #..
####.###.#.#8._.>########.#
.#####o###.#.#.....#......#..
#.............#.....######.##.
############..8r.⌠..######.##.
#$$oo....#.........
##$8...%.#.#.#.....
#@#.....#.#.#..###
#.#######.......## ###
#.###...## #.##......
#......... #.##..#.##
#.#.....## #.#...####
#.....####


You could see 2 orcs and a quokka.

Vanquished Creatures
  Erica (D:9)
  A two-headed ogre (D:8)
  Maurice (D:8)
  A hornet (D:7)
  Prince Ribbit (D:9)
  A hippogriff (D:9)
  Sigmund (D:2)
  A hungry ghost (D:9)
  7 orc warriors (D:9)
  2 ogres (D:7)
  A black bear (D:9)
  An ice beast (D:5)
  A centaur (D:8)
  A bullfrog (D:9)
  A gnoll sergeant (D:8)
  4 scorpions
  4 killer bees (D:8)
  A howler monkey (D:5)
  5 crimson imps
  A bullfrog zombie (D:7)
  A centaur zombie (D:8)
  A hound (D:6)
  2 jellies (D:7)
  6 orc wizards
  3 bullfrog skeletons
  A centaur skeleton (D:6)
  4 orc priests
  Jessica (D:2)
  3 iguanas
  5 worker ants
  2 hound skeletons (D:7)
  A howler monkey skeleton (D:7)
  5 gnolls (D:8)
  12 adders
  2 adder zombies
  4 worms
  7 leopard geckos
  30 orcs
  6 bats
  9 goblins
  8 hobgoblins
  18 jackals
  6 kobolds
  7 quokkas
  3 frilled lizards
  7 rats
191 creatures vanquished.

Vanquished Creatures (others)
  An orc wizard (D:9)
  2 orcs (D:9)
3 creatures vanquished.

Grand Total: 194 creatures vanquished

Notes
Turn   | Place    | Note
-------+----------+-------------------------------------------
     0 | D:1      | boiler the Minotaur Fighter began the quest for the Orb.
     0 | D:1      | Reached XP level 1. HP: 19/19 MP: 0/0
    57 | D:1      | Reached skill level 3 in Axes
    60 | D:1      | Reached XP level 2. HP: 26/27 MP: 1/1
   537 | D:2      | Reached XP level 3. HP: 33/33 MP: 2/2
   551 | D:2      | Reached skill level 4 in Axes
   567 | D:2      | Noticed Jessica
   577 | D:2      | Killed Jessica
   577 | D:2      | Reached XP level 4. HP: 38/41 MP: 3/3
   876 | D:2      | Noticed Sigmund
   933 | D:2      | Killed Sigmund
   933 | D:2      | Reached skill level 5 in Fighting
   933 | D:2      | Reached skill level 5 in Axes
   933 | D:2      | Reached skill level 5 in Armour
   933 | D:2      | Reached XP level 5. HP: 16/48 MP: 4/4
  1339 | D:3      | Reached XP level 6. HP: 48/56 MP: 5/5
  1404 | D:3      | Found a radiant altar of Vehumet.
  1428 | D:3      | Reached skill level 6 in Axes
  2241 | D:4      | Reached XP level 7. HP: 47/62 MP: 6/6
  2733 | D:5      | Entered Level 5 of the Dungeon
  2735 | D:5      | Found Yvuh Wyu's Assorted Antiques.
  2743 | D:5      | Bought a pair of gloves for 135 gold pieces
  2940 | D:5      | Reached skill level 7 in Axes
  2959 | D:5      | Found Sedeomp's Magic Scroll Shop.
  3011 | D:5      | Bought a scroll of identify for 22 gold pieces
  3020 | D:5      | Found Vooll's Antique Weapon Shoppe.
  3092 | D:5      | Found Fumieg's Food Emporium.
  3574 | D:5      | Found Qexutrux's Antique Weapon Boutique.
  4319 | D:6      | Reached skill level 8 in Axes
  4356 | D:6      | Found a staircase to the Ecumenical Temple.
  4455 | Temple   | Entered the Ecumenical Temple
  4683 | D:7      | Reached XP level 8. HP: 52/71 MP: 7/7
  4955 | Temple   | Became a worshipper of Gozag Ym Sagoz the Greedy
  5341 | D:7      | Reached skill level 9 in Axes
  5508 | D:7      | Noticed a hornet
  5514 | D:7      | Killed a hornet
  6072 | D:8      | Reached skill level 10 in Axes
  6142 | D:8      | Noticed a two-headed ogre
  6149 | D:8      | Killed a two-headed ogre
  6149 | D:8      | Reached XP level 9. HP: 33/82 MP: 8/8
  6365 | D:8      | Reached skill level 11 in Axes
  6635 | D:8      | Noticed Maurice
  6646 | D:8      | Killed Maurice
  7204 | D:9      | Noticed Prince Ribbit
  7206 | D:9      | Noticed Erica
  7231 | D:9      | Killed Erica
  7231 | D:9      | Reached skill level 12 in Axes
  7255 | D:9      | Killed Prince Ribbit
  7255 | D:9      | Reached XP level 10. HP: 62/91 MP: 9/9
  7499 | D:9      | Noticed Erolcha
  7517 | D:9      | Found a staircase to the Orcish Mines.
  7518 | D:9      | Found a roughly hewn altar of Beogh.
  7558 | D:9      | Slain by Erolcha

Vault maps used:
D:1:      wheals_arrival_shading
D:2:      minmay_fountain_box, uniq_jessica, uniq_sigmund
D:3:      fiery_altar_vehumet
D:4:      first_bread
D:5:      serial_shops, shop, nicolae_shop_behind_doors, shop,
          nicolae_shop_trees, shop, kennysheep_doodads, minmay_misc_feat_doors
D:6:      minmay_temple_entry_butterflies, grunt_ministairs_7
D:7:      grunt_ogre_cave
D:8:      kennysheep_generic_room_9, uniq_maurice
D:9:      david_orc_5, st_stairs_14, minmay_misc_feat_pillars, uniq_erica,
          uniq_erolcha, uniq_prince_ribbit1
Temple:   compressed_dpeg_circular_temple

Skill      XL: |  1  2  3  4  5  6  7  8  9 |
---------------+----------------------------+-----
Axes           | 3 4 5 6 8 10 12 | 12.7
Fighting       | 4 5 6 8 9 |  9.8
Armour         | 4 5 6 8 9 |  9.8
Shields        | |  3.6

Action                   |  1- 3 |  4- 6 |  7- 9 | 10-12 || total
-------------------------+-------+-------+-------+-------++-------
Melee: War axe           |    53 |   111 |    53 |       ||   217
       Headbutt          |     9 |    20 |    48 |    15 ||    92
       Broad axe         |       |       |   260 |    66 ||   326
Invok: Potion Petition   |       |       |       |     1 ||     1
Evoke: Wand              |       |       |     3 |       ||     3
  Use: Scroll            |       |     1 |     7 |       ||     8
       Potion            |       |       |     2 |       ||     2
 Stab: Distracted        |       |       |     1 |       ||     1
  Eat: Chunk             |       |     4 |     8 |       ||    12
       Bread ration      |       |       |     2 |     1 ||     3
Armor: Scale mail        |    30 |    40 |    14 |       ||    84
       Storm dragon scal |       |       |   140 |    32 ||   172
Dodge: Dodged            |    26 |    22 |    61 |     9 ||   118
Block: Shield            |    25 |    60 |   162 |    31 ||   278
       Reflection        |       |     2 |     1 |       ||     3

Table legend:
 A = Spawn XP
 B = Non-spawn XP
 C = Spawn XP percentage of total XP
 D = Spawn monster count
 E = Non-spawn monster count
 F = Spawn count percentage of total count
 G = Total turns spent on level
                    A         B        C        D         E        F      G
               +---------+---------+-------+---------+---------+-------+---------
         Total |       0 |    7187 |   0.0 |       0 |     192 |   0.0 |  7558
               +---------+---------+-------+---------+---------+-------+---------
           D:1 |       0 |      33 |   0.0 |       0 |      20 |   0.0 |   528
           D:2 |       0 |     336 |   0.0 |       0 |      17 |   0.0 |   805
           D:3 |       0 |     158 |   0.0 |       0 |      29 |   0.0 |   659
           D:4 |       0 |     255 |   0.0 |       0 |      13 |   0.0 |   741
           D:5 |       0 |     271 |   0.0 |       0 |      15 |   0.0 |  1014
           D:6 |       0 |     263 |   0.0 |       0 |      12 |   0.0 |   982
           D:7 |       0 |    1173 |   0.0 |       0 |      33 |   0.0 |  1240
           D:8 |       0 |    2309 |   0.0 |       0 |      26 |   0.0 |  1144
           D:9 |       0 |    2389 |   0.0 |       0 |      27 |   0.0 |   360
               +---------+---------+-------+---------+---------+-------+---------
